 Dungeon Crawl Stone Soup version 0.24-a0-530-g18ba70b503 (webtiles) character file.

Game seed: 7420733891219816507

74 BinkBink the Shield-Bearer (level 4, -1/42 HPs)
             Began as a Deep Dwarf Fighter on Aug 7, 2019.
             Slain by an orc warrior
             ... wielding a +0 war axe
              (19 damage)
             ... on level 3 of the Dungeon.
             The game lasted 00:01:36 (1124 turns).

BinkBink the Shield-Bearer (Deep Dwarf Fighter)     Turns: 1124, Time: 00:01:37

Health: -1/42      AC:  8    Str: 21    XL:     4   Next: 9%
Magic:  4/4        EV:  7    Int:  8    God:
Gold:   63         SH:  9    Dex: 12    Spells: 3/3 levels left

rFire    + . .     SeeInvis .   a - +0 flail
rCold    x . .     Gourm    .   c - +0 shield
rNeg     . . .     Faith    .   b - +0 scale mail
rPois    .         Spirit   .   (no helmet)
rElec    .         Reflect  .   (no cloak)
rCorr    .         Harm     .   g - +0 pair of gloves
MR       .....                  (no boots)
Stlth    ..........             (no amulet)
HPRegen  0.00/turn              e - ring of fire
MPRegen  0.09/turn              (no ring)

@: non-regenerating
A: damage resistance, heal wounds, sense surroundings 1, no regeneration
a: Heal Wounds


You were on level 3 of the Dungeon.
You were hungry.

You visited 1 branch of the dungeon, and saw 3 of its levels.

You collected 63 gold pieces.

Inventory:

Hand Weapons
 a - a +0 flail (weapon)
Armour
 b - a +0 scale mail (worn)
 c - a +0 shield (worn)
 g - a +0 pair of gloves (worn)
Jewellery
 e - a ring of fire (left hand)
Scrolls
 h - 2 scrolls of enchant armour {unknown}
 j - a scroll of teleportation {unknown}
 k - a scroll of remove curse {unknown}
 l - a scroll of identify {unknown}
 m - a scroll of amnesia {unknown}
Potions
 d - 3 potions of might
 i - a potion of curing {unknown}
Comestibles
 f - 5 rations


   Skills:
 + Level 3.1 Fighting
 + Level 2.7 Maces & Flails
 + Level 3.8 Armour
 + Level 0.5 Dodging
 + Level 0.1 Stealth
 + Level 4.2 Shields


You had 3 spell levels left.
You didn't know any spells.
Your spell library was empty.

Dungeon Overview and Level Annotations

Branches:
Dungeon (3/15)

Altars:
Fedhas
Uskayaw


Innate Abilities, Weirdness & Mutations

You are resistant to damage.
You can heal yourself by infusing magical energy.
You passively map a small area around you.
You do not regenerate.


Message History

The orc priest invokes the aid of Beogh against you.
Beogh smites you!
You hear a shout!
The orc priest casts a cantrip, but nothing happens.
You hit the orc warrior but do no damage.
The orc warrior hits you with a +0 war axe!
You hit the orc warrior but do no damage.
The orc priest looks encouraged for a moment.
You block the orc warrior's attack.
You hit the orc warrior but do no damage.
You block the orc warrior's attack.
You closely miss the orc warrior.
The orc warrior hits you with a +0 war axe!
You are too injured to fight recklessly!
You are too injured to fight recklessly!
You are too injured to fight recklessly!
You hit the orc warrior.
The orc warrior is lightly wounded.
The orc warrior hits you with a +0 war axe!!
You die...

### * #############.#
** #<............#
#############.#######
#...........#
#.###.#####.# * * * *
#.#* * ,* #@# , , ,
#o# * , * #o#,* *
......ooo...... ,
#.###.#.#o#.#.# +
,..o#..... * .#?
###,#.# ..,#., ... .
# * * * ### * ,*


You could see an orc warrior, an orc priest and 3 orcs.

Vanquished Creatures
  Jessica (D:2)
  4 dart slugs
  A leopard gecko (D:2)
  An orc (D:3)
  3 bats
  5 giant cockroaches (D:1)
  7 goblins
  3 hobgoblins
  2 jackals (D:1)
  2 kobolds (D:2)
  3 frilled lizards (D:1)
  2 rats
34 creatures vanquished.

Notes
Turn   | Place    | Note
-------+----------+-------------------------------------------
     0 | D:1      | BinkBink the Deep Dwarf Fighter began the quest for the
                  | Orb.
     0 | D:1      | Reached XP level 1. HP: 20/20 MP: 1/1
   106 | D:1      | Reached XP level 2. HP: 25/27 MP: 2/2
   658 | D:2      | Reached skill level 4 in Shields
   658 | D:2      | Reached XP level 3. HP: 18/34 MP: 3/3
   691 | D:2      | Noticed Jessica
   694 | D:2      | Killed Jessica
   713 | D:2      | Found a blossoming altar of Fedhas.
   808 | D:2      | Reached XP level 4. HP: 42/42 MP: 4/4
   811 | D:2      | Found a hide-covered altar of Uskayaw.
  1114 | D:3      | Noticed an orc warrior
  1124 | D:3      | Slain by an orc warrior

Levels and vault maps discovered:
D:1:      mrwooster_arrival_arrow, layout_loops_ring
D:2:      layout_rooms, lemuel_round_altar, dk_vineyard_1,
          fedhas_ov_isle_minmay, uniq_jessica
D:3:      layout_basic, grunt_decor_resistance

Skill      XL: |  1  2 |
---------------+-------+-----
Fighting       | 3 |  3.1
Shields        | 4 |  4.2
Maces & Flails | |  2.7
Armour         | |  3.8
Dodging        | |  0.5
Stealth        | |  0.1

Action                   |  1- 3 |  4- 6 || total
-------------------------+-------+-------++-------
Melee: Flail             |   110 |    12 ||   122
 Abil: Heal Wounds       |     1 |       ||     1
Armor: Scale mail        |    43 |     1 ||    44
Dodge: Dodged            |    42 |     1 ||    43
Block: Shield            |    62 |     4 ||    66

Table legend:
 A = Non-vault XP
 B = Vault XP
 C = Vault XP percentage of total XP
 D = Non-vault monster count
 E = Vault monster count
 F = Vault count percentage of total count
                 A         B        C        D         E       F
            +---------+---------+-------+---------+---------+-------
      Total |      69 |      37 |  34.9 |      33 |       1 |   2.9
            +---------+---------+-------+---------+---------+-------
        D:1 |      34 |       0 |   0.0 |      18 |       0 |   0.0
        D:2 |      32 |      37 |  53.6 |      14 |       1 |   6.7
        D:3 |       3 |       0 |   0.0 |       1 |       0 |   0.0
            +---------+---------+-------+---------+---------+-------
